 Dungeon Crawl Stone Soup version 0.27-a0-1147-gb3d8e82157 (webtiles) character file.

Game seed: 1644931768183385186

37 lunkers the Magician (level 3, -1/27 HPs)
             Began as a Djinni Air Elementalist on May 11, 2021.
             Slain by a wight
             ... wielding a +0 flail
              (11 damage)
             ... on level 2 of the Dungeon.
             The game lasted 00:01:22 (1744 turns).

lunkers the Magician (Djinni Air Elementalist)      Turns: 1744, Time: 00:01:23

Health: -1/27      AC:  2    Str:  7    XL:     3   Next: 39%
Gold:   18         EV: 12    Int: 17    God:
                   SH:  0    Dex: 13

rFire    + + .     SeeInvis .   (no weapon)
rCold    x . .     Faith    .   (no shield)
rNeg     . . .     Spirit   .   a - +0 robe
rPois    ∞         Reflect  .   (no helmet)
rElec    .         Harm     .   (no cloak)
rCorr    .         Rampage  .   (no gloves)
Will     .....                  (boots unavailable)
Stlth    ++........             (no amulet)
HPRegen  0.09/turn              (no ring)
MPRegen  0.00/turn              (no ring)

@: flying, very slightly contaminated
A: sickness immunity, fire resistance 2, cold vulnerability 1, float, innate
caster, hp casting, extra vitality 1
a: no special abilities


You were on level 2 of the Dungeon.
You visited 1 branch of the dungeon, and saw 2 of its levels.

You collected 18 gold pieces.

Inventory:

Armour
 a - a +0 robe (worn)
Scrolls
 b - 2 scrolls of teleportation {unknown}
 c - a scroll of amnesia {unknown}
 d - a scroll of identify {unknown}
Potions
 e - a potion of flight {unknown}
 f - a potion of curing {unknown}


   Skills:
 + Level 1.4 Fighting
 - Level 2.1 Dodging
 - Level 1.5 Stealth
 * Level 3.4 Spellcasting


You couldn't memorise any spells.
You knew the following spells:

 Your Spells              Type           Power      Damage    Failure   Level
a - Shock                 Conj/Air       56%        1d6       4%          1
b - Static Discharge      Conj/Air       14%        N/A       6%          2
c - Swiftness             Air            14%        N/A       12%         3
d - Airstrike             Air            7%         N/A       36%         4
e - Lightning Bolt        Conj/Air       7%         1d19      73%         5
f - Beastly Appendage     Tmut           28%        N/A       4%          1
Your spell library was empty.

Dungeon Overview and Level Annotations

Branches:
Dungeon (2/15)

Altars:


Innate Abilities, Weirdness & Mutations

You are immune to sickness and miasma.
You are immune to poison.
Your flesh is very heat resistant. (rF++)
You are vulnerable to cold. (rC-)
You float through the air rather than walking.
You learn spells naturally, not from books.
Your magical power is your life essence.
You have superior vitality. (+4 HP)


Message History

Confirm with . or Enter, or press ? or * to list all spells.
Aiming: Shock (safe; 4% risk of failure)
Press: ? - help, Shift-Dir - straight line The zap hits the wight.
The wight is heavily damaged.
The zap hits the wight but does no damage.
The wight is severely damaged.
The zap hits the wight.
The wight is severely damaged.
The zap hits the wight but does no damage.
The wight is heavily damaged.
* * * LOW HITPOINT WARNING * * *
The wight closely misses you.
Unknown command.
Unknown command.
Casting: Shock (safe; 4% risk of failure)
Confirm with . or Enter, or press ? or * to list all spells.
Aiming: Shock (safe; 4% risk of failure)
Press: ? - help, Shift-Dir - straight line The zap hits the wight but does no damage.
The wight is heavily damaged.
The zap misses the wight. x3
* * * LOW HITPOINT WARNING * * *
The wight barely misses you.
Unknown command.
Casting: Shock (safe; 4% risk of failure)
Confirm with . or Enter, or press ? or * to list all spells.
Aiming: Shock (safe; 4% risk of failure)
Press: ? - help, Shift-Dir - straight line The zap hits the wight.
The wight is almost destroyed.
The zap hits the wight.
The wight is almost destroyed.
The zap hits the wight.
You destroy the wight!
The zap hits the wight.
The wight is heavily damaged.
* * * LOW HITPOINT WARNING * * *
The wight hits you with a +0 flail!
You die...

#.###.#.#.#...
##
#.....#.#...##
#.
#####.#.####
#. #.......#
#. #.####### #
#. ####.# #.#.
#....#
#.##.#.##.####
#....#zz@.#
###########
#....#...
#.##.#.##. .
#.#. .# #.#. .
# #. ## #.


You could see 2 wights.

Vanquished Creatures
  A wight (D:2)
  A dart slug (D:1)
  5 endoplasms
  A giant cockroach (D:1)
  A goblin (D:1)
  6 hobgoblins
  2 jackals (D:1)
  4 ball pythons (D:1)
  2 bats (D:1)
  2 frilled lizards (D:1)
  4 kobolds
  2 rats (D:1)
31 creatures vanquished.

Notes
Turn   | Place    | Note
-------+----------+-------------------------------------------
     0 | D:1      | lunkers the Djinni Air Elementalist began the quest for the
                  | Orb.
     0 | D:1      | Reached XP level 1. HP: 15/15 MP: 0/0
   501 | D:1      | Reached skill level 3 in Spellcasting
   501 | D:1      | Reached XP level 2. HP: 19/22 MP: 0/0
   646 | D:1      | Reached skill level 1 in Fighting
   959 | D:1      | Reached XP level 3. HP: 23/27 MP: 0/0
   959 | D:1      | Learned a level 1 spell: Beastly Appendage
  1744 | D:2      | Slain by a wight

Illustrated notes

Levels and vault maps discovered:
D:1:      psy_arrival_terrarium, layout_basic, minmay_misc_feat_encased
D:2:      layout_loops_ring, serial_co_window_serial,
          co_window_of_opportunity_a, co_window_corner_a, co_window_paths_a,
          co_window_paths_a, co_window_paths_a, co_window_of_opportunity_a,
          co_window_corner_a, co_window_2corner, co_window_cross_4,
          co_window_broadway_c, co_window_4corner_a, co_window_paths_e,
          minmay_pentomino_t2

Skill      XL: |  1  2 |
---------------+-------+-----
Spellcasting   | 3 |  3.4
Fighting       | 1 |  1.4
Dodging        | |  2.1
Stealth        | |  1.5

Action                   || total
-------------------------++-------
 Cast: Shock             ||    70
Dodge: Dodged            ||     8

Table legend: (Time is in decaauts)
 A = Elapsed time spent in this place.
 B = Non-inter-level travel time spent in this place.
 C = Inter-level travel time spent in this place.
 D = Time resting spent in this place.
 E = Time spent auto-exploring this place.
 F = Levels seen in this place.
 G = Mean time per level.
                   A        B        C        D        E       F      G
               +--------+--------+--------+--------+--------+-----+--------+
         Total |   1743 |   1726 |     17 |      0 |   1606 |   2 |  871.5 |
       Dungeon |   1743 |   1726 |     17 |      0 |   1606 |   2 |  871.5 |
               +--------+--------+--------+--------+--------+-----+--------+

Top non-repeatable levels by time:
     D:1: 1473 daAuts
     D:2: 270 daAuts
